 Dungeon Crawl Stone Soup version 0.19-a0-1613-g7c9bbd0 (webtiles) character file.

403994 TheGoonsmith the Ruinous (level 23, -2/120 HPs)
             Began as a Gargoyle Fire Elementalist on Sept 16, 2016.
             Was a High Priest of Vehumet.
             Blown up by an ancient lich (122 damage)
             ... with an orb of destruction
             ... on level 3 of the Depths on Sept 17, 2016.
             The game lasted 03:03:43 (59288 turns).

TheGoonsmith the Ruinous (GrFE)                    Turns: 59288, Time: 03:03:44

Health: -2/120     AC: 34    Str: 24    XL:     23   Next: 36%
Magic:  35/42      EV: 16    Int: 30    God:    Vehumet [*****.]
Gold:   1633       SH: 15    Dex: 12    Spells: 10 memorised, 3 levels left

rFire  + . .     SeeInvis .     v - +9 whip (drain)
rCold  + + .     Gourm    .     W - +2 robe {Archmagi}
rNeg   + . .     Faith    .     i - +2 buckler
rPois  ∞         Spirit   .     J - +2 hat {MR+}
rElec  +         Dismiss  .     K - +2 cloak
rCorr  .         Reflect  +     Z - +1 pair of gloves {Str+3}
MR     +++..     Harm     .     y - +2 pair of boots
Stlth  ++........               b - brooch of Shielding {Reflect SH+8}
                                V - ring of the Garden {rF+ MR+ Str+7 Dex+2}
                                R - ring of Bydosi Teroe {rPois rC++ Int+6}

@: studying Charms, drained
A: big wings, yellow scales 1, negative energy resistance 1, electricity
resistance, unbreathing, petrification resistance, rot immunity, AC +17
a: Fly, Renounce Religion
}: 2/15 runes: decaying, serpentine


You were on level 3 of the Depths.
You worshipped Vehumet.
Vehumet was extremely pleased with you.
You were hungry.

You visited 8 branches of the dungeon, and saw 39 of its levels.
You also visited: Labyrinth, Trove and Ice Cave.

You collected 4912 gold pieces.
You spent 3279 gold pieces at shops.

Inventory:

Hand Weapons
 v - a +9 whip of draining (weapon)
Missiles
 m - 2 throwing nets (quivered)
Armour
 i - a +2 buckler (worn)
 y - a +2 pair of boots (worn)
 J - a +2 hat of magic resistance (worn)
 K - a +2 cloak (worn)
 W - a +2 robe of the Archmagi (worn)
 Z - a +1 pair of gloves of strength (worn)
Magical Staves
 Q - an uncursed staff of energy
Jewellery
 b - the brooch of Shielding (around neck) {Reflect SH+8}
   (You found it in a treasure trove)

   [amulet of reflection]

   It shields you and reflects attacks.
   It affects your SH (+8).
 o - the amulet of Gon Cigg {Faith Slay+6}
   (You found it in a treasure trove)

   [amulet of faith]

   It allows you to gain divine favour quickly.
   It affects your accuracy and damage with ranged weapons and melee attacks
   (+6).
 u - the ring "Juotumu" {+Fly rF+ Str+3 Int+4}
   (You found it in a treasure trove)

   [ring of protection from fire]

   It affects your strength (+3).
   It affects your intelligence (+4).
   It protects you from fire.
   It lets you fly.
 H - an uncursed ring of see invisible
 R - the ring of Bydosi Teroe (left hand) {rPois rC++ Int+6}
   (You found it in a treasure trove)

   [ring of intelligence]

   It affects your intelligence (+6).
   It greatly protects you from cold.
   It protects you from poison.
 V - the ring of the Garden (right hand) {rF+ MR+ Str+7 Dex+2}
   (You found it on level 1 of the Depths)

   [ring of dexterity]

   It affects your strength (+7).
   It affects your dexterity (+2).
   It protects you from fire.
   It affects your resistance to hostile enchantments.
 X - the ring of Nann {MR+ Dex+6}
   (You found it on level 2 of the Depths)

   [ring of dexterity]

   It affects your dexterity (+6).
   It affects your resistance to hostile enchantments.
Wands
 n - a wand of digging (14/24)
 p - a wand of digging (18/24)
Scrolls
 e - 2 scrolls of summoning
 f - 17 scrolls of remove curse
 h - 7 scrolls of blinking
 r - 12 scrolls of identify
 A - 2 scrolls of teleportation
 G - 6 scrolls of recharging
 M - a scroll of magic mapping
 O - 3 scrolls of fear
 Y - 2 scrolls of enchant weapon
Potions
 a - 2 potions of berserk rage
 d - 4 potions of haste
 g - 4 potions of might
 j - 3 potions of cure mutation
 k - 2 potions of cancellation
 s - a potion of invisibility
 t - 2 potions of ambrosia
 w - 10 potions of curing
 z - 3 potions of flight
 B - 5 potions of brilliance
 E - 2 potions of resistance
 I - 4 potions of agility
 L - 7 potions of heal wounds
Books
 q - a book of Enchantments

   Spells                             Type                      Level
   a - Cause Fear                     Hexes                        4
   b - Yara's Violent Unravelling     Hexes/Transmutation          5
   c - Silence                        Hexes/Air                    5
   d - Deflect Missiles               Charms/Air                   6
   e - Haste                          Charms                       6
   f - Discord                        Hexes                        8
 x - a manual of Charms
 U - a book of Power

   Spells                             Type                      Level
   a - Fulminant Prism                Conjuration/Hexes            4
   b - Iskenderun's Mystic Blast      Conjuration                  4
   c - Venom Bolt                     Conjuration/Poison           5
   d - Bolt of Magma                  Conjuration/Fire/Earth       5
   e - Iron Shot                      Conjuration/Earth            6
   f - Orb of Destruction             Conjuration                  7
   g - Spellforged Servitor           Conjuration/Summoning        7
Miscellaneous
 S - a fan of gales
Comestibles
 c - 13 bread rations
 l - 9 beef jerkies
 C - 4 meat rations
 F - 24 fruits
 N - 7 royal jellies
 P - 3 slices of pizza


   Skills:
 - Level 5.0(4.8) Fighting
 - Level 12.0(11.7) Maces & Flails
 - Level 7.0(6.8) Armour
 - Level 8.3(8.1) Dodging
 - Level 2.1(2.0) Stealth
 - Level 4.4(4.2) Shields
 + Level 15.4(15.1) Spellcasting
 * Level 22.7(22.4) Conjurations
 - Level 3.6(3.4) Charms
 - Level 3.7(3.5) Translocations
 * Level 21.2(20.9) Fire Magic
 - Level 2.9(2.7) Air Magic
 - Level 11.0(10.7) Earth Magic


You had 3 spell levels left.
You knew the following spells:

 Your Spells              Type           Power        Failure   Level  Hunger
a - Flame Tongue          Conj/Fire      #####        0%          1    None
b - Bolt of Fire          Conj/Fire      ########..   1%          6    ###....
c - Haste                 Chrm           ######..     82%         6    ###....
d - Iron Shot             Conj/Erth      ########..   1%          6    ###....
e - Blink                 Tloc           N/A          1%          2    None
f - Fireball              Conj/Fire      ########..   0%          5    None
g - Airstrike             Air            ######....   2%          4    None
r - Deflect Missiles      Chrm/Air       ######....   89%         6    ###....
s - Sticky Flame          Conj/Fire      ########     0%          4    None
z - Fire Storm            Conj/Fire      ########..   7%          9    #######


Dungeon Overview and Level Annotations

Branches:
Dungeon (15/15)            Temple (1/1) D:6            Lair (6/6) D:10
  Swamp (4/4) Lair:4        Snake (4/4) Lair:4        Slime (0/5) Lair:6
    Orc (2/2) D:11            Elf (0/3) Orc:2        Vaults (4/5) D:13
  Crypt (0/3) Vaults:2     Depths (3/5) D:15

Altars:
Ashenzari
Cheibriados
Dithmenos
Elyvilon
Fedhas
Gozag
Hepliaklqana
Kikubaaqudgha
Makhleb
Nemelex Xobeh
Okawaru
Qazlal
Ru
Sif Muna
Trog
Uskayaw
Vehumet
Xom
Yredelemnul
Zin
The Shining One
Beogh
Jiyva
Lugonu

Shops:
D:4 :   D:9 *   D:14 [   D:15 =[*?   Orc:1 [   Orc:2 %[((   Snake:1 ?
Snake:4 =   Vaults:3 ?   Vaults:4 %*%

Portals:
Hell: Depths:1 Depths:2
Abyss: Depths:1
Ziggurat: Depths:1

Annotations:
D:6 1 exclusion
Vaults:4 exclusion: orange crystal statue
Depths:1 1 exclusion


Innate Abilities, Weirdness & Mutations

You are resistant to torment.
Your stone body is resilient. (AC +17)
You are immune to poison.
Your large and strong wings let you fly indefinitely.
You resist negative energy. (rN+)
You are resistant to electric shocks. (rElec)
You can survive without breathing.
You are immune to petrification.
You are immune to rotting.
You are partially covered in yellow scales. (AC +2)


Message History

Confirm with . or Enter, or press ? or * to list all spells.
Aiming: Iron Shot
Press: ? - help, Shift-Dir - straight line, f - ancient lich
Aim: an ancient lich (moderately damaged, fast)
You feel a surge of power!
The iron shot hits the ancient lich.
The ancient lich is almost destroyed.
The ancient lich conjures an orb of pure magic.
An orb of destruction comes into view.
Casting: Iron Shot
Confirm with . or Enter, or press ? or * to list all spells.
Aiming: Iron Shot
Press: ? - help, Shift-Dir - straight line, f/p - ancient lich
Aim: an ancient lich (almost destroyed, fast)
You feel a surge of power!
The iron shot hits the ancient lich.
You destroy the ancient lich!
Vehumet accepts your kill.
You feel your power returning. The orb of destruction hits you!
Ouch! That really hurt!
You die...

#..#(()..'.
####..#)......
#...###...###.
#...# #..#.##.
#####...#
#.[##.#.
#....####
##.###..
#....# #.# ##.
#....# ##.# ##
######@...#
#..# #
#....§#####
#### #...§§#
#..§..#
#.§§..#
#C....#
.(###### ...
.))


You could see a fire giant.

Vanquished Creatures
  An ancient lich (Depths:3)
  A juggernaut (Depths:3)
  Sojobo (Vaults:2)
  Bai Suzhen (Depths:1)
  Jory (Vaults:2)
  A caustic shrike (Depths:3)
  Nikola (Swamp:4)
  Rupert (Lair:5)
  4 liches
  A titan (Depths:3)
  4 sphinxes
  A shadow dragon (Depths:3)
  Kirke (Swamp:1)
  Donald (Snake:2)
  8 greater nagas
  5 thorn hunters
  2 tengu reavers (Vaults:2)
  6 fire giants
  An orc warlord (Orc:2)
  3 deep elf sorcerers
  A ghoul (Vaults:1)
  9 vault wardens
  4 frost giants
  Aizul (Snake:2)
  Louise (Swamp:1)
  13 ironheart preservers
  A curse skull (Vaults:1)
  2 very ugly things (Depths:3)
  12 stone giants
  2 entropy weavers
  A juggernaut skeleton (Depths:3)
  4 deep elf demonologists
  2 vampire knights
  A deep elf annihilator (Vaults:1)
  3 spark wasps (Depths:3)
  2 deep elf death magi (Vaults:2)
  9 ettins
  An ettin (shapeshifter) (Vaults:2)
  3 deep elf high priests
  A minotaur (Lab)
  Snorg (D:12)
  Josephine (Orc:1)
  11 fire dragons
  8 yaktaur captains
  4 great orbs of eyes
  10 vault guards
  Fannar (Lair:1)
  16 ice dragons
  23 hydras
  16 naga warriors
  5 rakshasas
  A ghost crab (Swamp:3)
  A catoblepas (D:14)
  4 death knights
  8 anacondas
  10 alligators
  11 centaur warriors
  12 ogre magi
  5 tengu warriors
  5 death yaks (Lair:6)
  2 deep troll shamans
  2 vampire magi
  4 deep troll earth magi
  13 naga sharpshooters
  2 spriggan berserkers (Depths:3)
  10 shock serpents
  10 deep elf knights
  A fire crab (Lair:5)
  2 orc high priests
  10 skeletal warriors
  4 shadow wraiths
  2 salamander mystics
  A storm dragon skeleton (Depths:3)
  7 hell knights
  9 deep trolls
  4 shambling mangroves (Swamp:4)
  4 flayed ghosts
  4 unseen horrors
  An unseen horror (shapeshifter) (Vaults:4)
  10 naga ritualists
  10 swamp dragons (Swamp:4)
  6 hill giants
  8 wizards
  2 phantasmal warriors
  13 orc knights
  2 deep elf archers (Vaults:1)
  3 lindwurms (Swamp:4)
  A glowing orange brain (Depths:3)
  A sphinx zombie (Depths:2)
  14 deep elf magi
  4 necromancers
  16 ironbrand convokers
  A harpy (Vaults:1)
  A shining eye (shapeshifter) (Depths:1)
  A frost giant zombie (Depths:2)
  3 wolf spiders
  29 ugly things
  A fire giant zombie (Depths:3)
  9 orc sorcerers
  A sphinx skeleton (Depths:2)
  8 cyclopes
  2 manticores
  8 mana vipers
  2 ice statues (IceCv)
  Maurice (D:9)
  21 elephants
  28 naga magi
  21 black mambas
  A stone giant skeleton (Depths:2)
  5 salamanders
  An elf zombie (Depths:3)
  12 vault sentinels
  7 guardian serpents
  3 gargoyles
  9 freezing wraiths
  9 rime drakes
  21 spiny frogs
  12 komodo dragons
  30 yaktaurs
  A spark wasp simulacrum (Depths:2)
  2 rime drakes (shapeshifter)
  2 efreet
  A kobold demonologist (D:13)
  4 red devils (D:15)
  4 tengu conjurers
  A komodo dragon (shapeshifter) (D:11)
  A redback zombie (D:13)
  2 meliai (shapeshifter)
  A queen bee (D:10)
  9 trolls
  An ice devil (Depths:3)
  A polar bear (shapeshifter) (Depths:2)
  9 polar bears
  8 wind drakes (Depths:1)
  A jumping spider (shapeshifter) (Vaults:3)
  9 tyrant leeches
  18 two-headed ogres
  13 blink frogs
  2 sphinx simulacra
  Prince Ribbit (D:9)
  5 bog bodies
  41 slime creatures
  A tengu simulacrum (Depths:3)
  7 boulder beetles
  A dream sheep (shapeshifter) (Vaults:3)
  2 hippogriffs (shapeshifter)
  A redback (shapeshifter) (Depths:3)
  6 air elementals (Depths:1)
  8 hippogriffs
  9 redbacks
  3 shadows
  2 tarantellas (Vaults:3)
  2 vampires
  9 wraiths
  38 yaks
  3 spriggans
  A yak (shapeshifter) (Depths:1)
  A human (shapeshifter) (D:14)
  3 hogs (Swamp:1)
  2 wyverns
  8 basilisks
  19 vampire mosquitoes
  A hungry ghost (D:12)
  2 steam dragons (D:9)
  6 wargs
  7 mottled dragons
  19 swamp worms
  20 insubstantial wisps
  57 nagas
  10 porcupines
  9 water moccasins
  14 swamp drakes
  2 floating eyes (Depths:3)
  A hell hound (shapeshifter) (Vaults:4)
  30 ice beasts
  64 orc warriors
  14 wasps
  A sky beast (D:7)
  An eye of draining (shapeshifter) (Vaults:4)
  3 phantoms
  8 black bears
  A necrophage (D:14)
  3 wolves (Lair:6)
  11 boggarts
  3 eyes of draining
  24 centaurs
  44 ogres
  15 crocodiles
  A big kobold (shapeshifter) (Vaults:3)
  8 big kobolds
  19 bullfrogs
  A scorpion (D:8)
  A water moccasin skeleton (D:7)
  16 killer bees
  3 wights (D:11)
  3 howler monkeys
  An electric eel (Lair:1)
  A bullfrog zombie (D:11)
  7 centaur zombies
  11 crimson imps
  10 hounds
  2 jellies
  A quasit (D:6)
  24 orc priests
  2 bullfrog skeletons
  7 centaur skeletons
  3 gnoll shamans
  28 orc wizards
  Natasha (thrice) (D:4)
  7 iguanas
  10 worker ants
  A bullfrog simulacrum (D:11)
  A hound zombie (D:5)
  A hound skeleton (D:5)
  A howler monkey skeleton (D:5)
  Robin (D:3)
  16 gnolls
  A worker ant zombie (D:10)
  14 adders
  43 river rats
  3 shadow imps
  4 white imps
  An adder skeleton (D:10)
  A worm (D:2)
  2 ball lightnings (Depths:1)
  5 dart slugs
  A leopard gecko (D:3)
  95 orcs
  6 bats
  6 giant cockroaches
  18 goblins
  5 hobgoblins
  9 jackals
  27 kobolds
  6 quokkas
  6 frilled lizards
  A jackal zombie (D:7)
  A leopard gecko zombie (D:6)
  7 rats
  7 briar patches
  2 plants
1794 creatures vanquished.

Vanquished Creatures (others)
  A fire giant (Depths:1)
  2 stone giants (Depths:2)
  A naga sharpshooter (Snake:4)
  A vampire mage (Depths:1)
  A naga ritualist (Snake:4)
  A manticore (D:14)
  A yaktaur (Vaults:1)
  2 wind drakes (Depths:1)
  A human (Swamp:1)
  A naga (Snake:2)
  14 ball lightnings (Depths:1)
  3 fire vortices (Depths:3)
  20 fungi
  25 plants
74 creatures vanquished.

Grand Total: 1868 creatures vanquished

Notes
Turn   | Place    | Note
-------+----------+-------------------------------------------
     0 | D:1      | TheGoonsmith the Gargoyle Fire Elementalist began the quest for the Orb.
     0 | D:1      | Reached XP level 1. HP: 10/10 MP: 3/3
   174 | D:1      | Reached XP level 2. HP: 15/15 MP: 1/5
   296 | D:1      | Reached skill level 2 in Conjurations
   653 | D:1      | Reached XP level 3. HP: 19/19 MP: 4/6
  1111 | D:2      | Reached skill level 3 in Conjurations
  1111 | D:2      | Reached XP level 4. HP: 23/24 MP: 1/7
  1171 | D:2      | Learned a level 4 spell: Sticky Flame
  1175 | D:2      | Learned a level 3 spell: Conjure Flame
  1303 | D:2      | Found a sparkling altar of Nemelex Xobeh.
  1986 | D:3      | Noticed Robin
  1991 | D:3      | Killed Robin
  1991 | D:3      | Reached XP level 5. HP: 23/28 MP: 3/9
  2154 | D:3      | Reached skill level 4 in Conjurations
  2634 | D:4      | Found Muxah's Book Shop.
  2657 | D:4      | Noticed Natasha
  2667 | D:4      | Killed Natasha
  2759 | D:4      | Reached XP level 6. HP: 24/32 MP: 0/10
  2842 | D:4      | Found a hazy altar of Hepliaklqana.
  2842 | D:4      | Noticed a phantom
  3069 | D:3      | Reached skill level 5 in Conjurations
  3238 | D:4      | Noticed Natasha
  3247 | D:4      | Killed Natasha
  3354 | D:4      | Killed a phantom
  3354 | D:4      | Reached XP level 7. HP: 36/36 MP: 2/12
  3497 | D:4      | Noticed Natasha
  3506 | D:4      | Killed Natasha
  3506 | D:4      | Reached skill level 5 in Fire Magic
  3684 | D:5      | Entered Level 5 of the Dungeon
  3694 | D:5      | Got a crude scale mail
  3700 | D:5      | Identified the +6 scale mail of Hedonism {rCorr Str+3 SInv} (You found it on level 5 of the Dungeon)
  3954 | D:5      | Reached skill level 6 in Conjurations
  4669 | D:6      | Reached XP level 8. HP: 41/41 MP: 12/14
  5033 | D:6      | Found a staircase to the Ecumenical Temple.
  5121 | Temple   | Entered the Ecumenical Temple
  5197 | Temple   | Became a worshipper of Vehumet
  5638 | D:7      | Reached skill level 7 in Conjurations
  5676 | D:7      | Learned a level 5 spell: Fireball
  6172 | D:7      | Reached * piety under Vehumet
  6172 | D:7      | Offered knowledge of Sandblast by Vehumet.
  6451 | D:7      | Reached skill level 8 in Conjurations
  6793 | D:7      | Reached XP level 9. HP: 43/45 MP: 7/16
  6832 | D:7      | Reached skill level 5 in Spellcasting
  7027 | D:7      | Found a shattered altar of Ashenzari.
  7377 | D:7      | Reached skill level 9 in Conjurations
  8116 | D:8      | Reached ** piety under Vehumet
  8116 | D:8      | Offered knowledge of Freeze by Vehumet.
  8651 | D:9      | Noticed Maurice
  8668 | D:9      | Killed Maurice
  8668 | D:9      | Reached skill level 10 in Conjurations
  8668 | D:9      | Reached XP level 10. HP: 50/50 MP: 10/18
  8806 | D:9      | Found Rabig's General Store.
  8809 | D:9      | Bought a potion of heal wounds for 80 gold pieces
  8809 | D:9      | Bought a scroll of identify for 32 gold pieces
  8809 | D:9      | Bought a scroll of identify for 32 gold pieces
  9146 | D:9      | Noticed Prince Ribbit
  9243 | D:9      | Killed Prince Ribbit
 10263 | D:10     | Entered Level 10 of the Dungeon
 10439 | D:10     | Learned a level 3 spell: Stone Arrow
 10497 | D:10     | Offered knowledge of Mephitic Cloud by Vehumet.
 10684 | D:10     | Found a staircase to the Lair.
 10869 | D:10     | Reached skill level 11 in Conjurations
 10875 | D:10     | Reached *** piety under Vehumet
 11076 | D:10     | Reached skill level 10 in Fire Magic
 11192 | D:10     | Noticed a purple ugly thing
 11198 | D:10     | Killed a purple ugly thing
 11295 | D:10     | Noticed an unseen horror
 11298 | D:10     | Killed an unseen horror
 11298 | D:10     | Reached XP level 11. HP: 41/54 MP: 10/21
 11800 | D:10     | Offered knowledge of Force Lance by Vehumet.
 12434 | Lair:1   | Entered Level 1 of the Lair of Beasts
 12512 | Lair:1   | Noticed Fannar
 12515 | Lair:1   | Killed Fannar
 12515 | Lair:1   | Reached skill level 12 in Conjurations
 12595 | Lair:1   | Reached **** piety under Vehumet
 12646 | Lair:1   | Offered knowledge of Ignite Poison by Vehumet.
 13701 | Lair:2   | Reached skill level 13 in Conjurations
 13704 | Lair:2   | Reached XP level 12. HP: 50/59 MP: 8/24
 13717 | Lair:2   | Reached skill level 1 in Armour
 14141 | Lair:2   | Reached ***** piety under Vehumet
 14183 | Lair:2   | Offered knowledge of Bolt of Fire by Vehumet.
 14183 | Lair:2   | Reached skill level 5 in Armour
 14231 | Lair:2   | Learned a level 6 spell: Bolt of Fire
 14644 | Lair:3   | Found a frozen archway.
 14735 | IceCv    | Entered an ice cave
 15747 | IceCv    | Noticed an ice dragon
 15748 | IceCv    | Noticed an ice dragon
 15752 | IceCv    | Killed an ice dragon
 15778 | IceCv    | Killed an ice dragon
 15778 | IceCv    | Reached skill level 5 in Dodging
 15841 | IceCv    | Got a shimmering bronze ring
 16653 | Lair:3   | Upgraded the game from 0.19-a0-1589-ge51c82a to 0.19-a0-1596-g2f379c2
 16732 | Lair:3   | Reached XP level 13. HP: 63/63 MP: 5/25
 17161 | Lair:4   | Identified the ring "Hoycratuo" {rElec rPois MR+ Str-5 Int+4} (You found it in an ice cave)
 17323 | Lair:4   | Found a staircase to the Swamp.
 17363 | Lair:4   | Reached skill level 1 in Fighting
 17364 | Lair:4   | Found a labyrinth entrance.
 17376 | Lab      | Entered a labyrinth
 17614 | Lab      | Noticed a minotaur
 17617 | Lab      | Killed a minotaur
 17622 | Lab      | Identified the Compendium of Glacial Contamination
 17631 | Lab      | Got a smoking arbalest
 17767 | Lair:1   | Identified the +10 arbalest "Yrybrir" {penet, Str+2} (You took it off a minotaur in a labyrinth)
 17828 | Lair:1   | Identified a +4 rod of inaccuracy (10/10) (You found it in a labyrinth)
 17829 | Lair:1   | Identified a +4 rod of clouds (12/12) (You took it off a minotaur in a labyrinth)
 17983 | Lair:4   | Offered knowledge of Yara's Violent Unravelling by Vehumet.
 18010 | Lair:4   | Found a staircase to the Snake Pit.
 18179 | Lair:4   | Reached skill level 5 in Fighting
 18443 | Lair:4   | Reached skill level 1 in Maces & Flails
 18599 | Lair:5   | Noticed Rupert
 19334 | Lair:5   | Paralysed by Rupert for 6 turns
 19346 | Lair:5   | Killed Rupert
 19829 | Lair:6   | Entered Level 6 of the Lair of Beasts
 20033 | Lair:6   | Gained mutation: Your large and strong wings let you fly indefinitely. [Gargoyle growth]
 20033 | Lair:6   | Reached XP level 14. HP: 52/78 MP: 24/26
 20267 | Lair:6   | Found a staircase to the Slime Pits.
 20268 | Lair:6   | Found a viscous altar of Jiyva.
 20506 | Lair:6   | Got a distressingly furry robe
 20558 | Lair:6   | Reached skill level 10 in Maces & Flails
 22329 | Lair:1   | Reached ****** piety under Vehumet
 22329 | Lair:1   | Offered knowledge of Poison Arrow by Vehumet.
 22440 | Lair:1   | Identified the +2 robe of Iguosy {Stlth+} (You found it on level 6 of the Lair of Beasts)
 23347 | D:11     | Reached XP level 15. HP: 57/82 MP: 16/27
 23384 | D:11     | Found a staircase to the Orcish Mines.
 23385 | D:11     | Found a roughly hewn altar of Beogh.
 23627 | Orc:1    | Entered Level 1 of the Orcish Mines
 23627 | Orc:1    | Found a roughly hewn altar of Beogh.
 23627 | Orc:1    | Noticed Josephine
 23631 | Orc:1    | Killed Josephine
 23631 | Orc:1    | Paralysed by an orc sorcerer for 4 turns
 23948 | Orc:1    | Found Geeceu Ifeo's Armour Emporium.
 23963 | Orc:1    | Bought a +1 hat of magic resistance for 192 gold pieces
 24083 | Orc:1    | Found a burning altar of Makhleb.
 24150 | Orc:2    | Entered Level 2 of the Orcish Mines
 24150 | Orc:2    | Found a staircase to the Elven Halls.
 24347 | Orc:2    | Found a roughly hewn altar of Beogh.
 24351 | Orc:2    | Found Gymenout's Food Shoppe.
 24548 | Orc:2    | Found a roughly hewn altar of Beogh.
 24575 | Orc:2    | Offered knowledge of Conjure Ball Lightning by Vehumet.
 24803 | Orc:2    | Noticed an orc warlord
 24943 | Orc:2    | Killed an orc warlord
 25239 | Orc:2    | Reached skill level 14 in Conjurations
 25286 | Orc:2    | Found Sevur's Antique Armour Boutique.
 25287 | Orc:2    | Found a roughly hewn altar of Beogh.
 25288 | Orc:2    | Found Rejied's Antique Weapon Shop.
 25463 | Orc:2    | Found a roughly hewn altar of Beogh.
 25482 | Orc:2    | Found a roughly hewn altar of Beogh.
 25496 | Orc:2    | Found Luumun's Antique Weapon Shop.
 25792 | Orc:2    | Bought a glowing demon blade for 495 gold pieces
 25986 | D:4      | Bought a book of Minor Magic for 280 gold pieces
 25986 | D:4      | Bought a book of the Sky for 910 gold pieces
 26124 | Lair:1   | Learned a level 2 spell: Blink
 26127 | Lair:1   | Learned a level 2 spell: Repel Missiles
 26132 | Lair:1   | Learned a level 4 spell: Airstrike
 26292 | D:12     | Noticed Snorg
 26306 | D:12     | Killed Snorg
 26505 | D:12     | Reached skill level 10 in Spellcasting
 26636 | D:12     | Offered knowledge of Delayed Fireball by Vehumet.
 26838 | D:12     | Found a bloodstained altar of Trog.
 27076 | D:13     | Reached skill level 1 in Translocations
 27085 | D:13     | Reached skill level 1 in Charms
 27099 | D:13     | Reached skill level 1 in Air Magic
 27767 | D:13     | Offered knowledge of Poisonous Cloud by Vehumet.
 27849 | D:13     | Reached XP level 16. HP: 87/87 MP: 24/30
 28614 | D:13     | Found a gate to the Vaults.
 29302 | D:14     | Found Jiuc's Armour Shoppe.
 29325 | D:15     | Entered Level 15 of the Dungeon
 29779 | D:15     | Found a deep blue altar of Sif Muna.
 29877 | D:15     | Found Tevavvoca's Assorted Antiques.
 29933 | D:15     | Bought a scroll of identify for 58 gold pieces
 29933 | D:15     | Bought a scroll labeled POWNILATUHE for 29 gold pieces
 29933 | D:15     | Bought 2 scrolls of identify for 116 gold pieces
 29933 | D:15     | Bought a scroll of identify for 58 gold pieces
 29933 | D:15     | Bought a scroll of fear for 101 gold pieces
 29972 | D:15     | Offered knowledge of Iron Shot by Vehumet.
 30069 | D:15     | Learned a level 6 spell: Iron Shot
 30089 | D:15     | Found Fusiuly's Magic Scroll Boutique.
 30121 | D:15     | Bought a scroll of summoning for 171 gold pieces
 30121 | D:15     | Bought a scroll of teleportation for 54 gold pieces
 30121 | D:15     | Bought a scroll of identify for 36 gold pieces
 30121 | D:15     | Bought a scroll of identify for 36 gold pieces
 30121 | D:15     | Bought a scroll of teleportation for 54 gold pieces
 30121 | D:15     | Bought a scroll of identify for 36 gold pieces
 30121 | D:15     | Bought a scroll of identify for 36 gold pieces
 30235 | D:15     | Found Vuxeirgh's Antique Armour Shoppe.
 30268 | D:15     | Got a crystal flail
 30269 | D:15     | Identified the cursed +1 flail of a wizard's laboratory {drain, rN+ Str+4 Dex-5} (You found it on level 15 of the Dungeon)
 30368 | D:15     | Reached skill level 1 in Shields
 30457 | D:15     | Found Piteex's Jewellery Shoppe.
 30595 | D:15     | Found a staircase to the Depths.
 30867 | Snake:1  | Entered Level 1 of the Snake Pit
 30955 | Snake:1  | Upgraded the game from 0.19-a0-1596-g2f379c2 to 0.19-a0-1597-g2736e37
 31050 | Snake:1  | Found Esesaluz's Magic Scroll Shoppe.
 31125 | Snake:1  | Reached skill level 1 in Earth Magic
 31370 | Snake:1  | Reached skill level 5 in Earth Magic
 31692 | Snake:2  | Noticed Donald
 31694 | Snake:2  | Noticed a greater naga
 31864 | Snake:2  | Killed Donald
 31869 | Snake:2  | Noticed a greater naga
 31873 | Snake:2  | Reached XP level 17. HP: 92/92 MP: 22/31
 32693 | Snake:2  | Reached skill level 10 in Earth Magic
 32730 | Snake:2  | Noticed Aizul
 32742 | Snake:2  | Killed Aizul
 32742 | Snake:2  | Offered knowledge of Lehudib's Crystal Spear by Vehumet.
 32742 | Snake:2  | Offered knowledge of Fire Storm by Vehumet.
 32742 | Snake:2  | Offered knowledge of Glaciate by Vehumet.
 32840 | Snake:2  | Got a scorched hat
 32841 | Snake:2  | Identified the +1 hat of the Elven Halls {rF+++ Dex-3} (You acquired it on level 2 of the Snake Pit)
 33449 | Snake:3  | Reached skill level 15 in Conjurations
 33486 | Snake:3  | Upgraded the game from 0.19-a0-1597-g2736e37 to 0.19-a0-1611-g7a729d4
 34628 | Snake:4  | Entered Level 4 of the Snake Pit
 35222 | Snake:4  | Found Fikesot's Jewellery Emporium.
 36023 | Snake:4  | Reached XP level 18. HP: 94/96 MP: 28/33
 36028 | Snake:4  | Reached skill level 15 in Fire Magic
 36037 | Snake:4  | Reached skill level 16 in Conjurations
 37078 | Snake:4  | Got a serpentine rune of Zot
 37467 | Lair:1   | Gained mutation: You are partially covered in yellow scales. (AC +2) [potion of beneficial mutation]
 37570 | Swamp:1  | Entered Level 1 of the Swamp
 37602 | Swamp:1  | Noticed Louise
 37621 | Swamp:1  | Killed Louise
 38041 | Swamp:1  | Noticed Kirke
 38045 | Swamp:1  | Killed Kirke
 38967 | Swamp:2  | Reached skill level 17 in Conjurations
 40240 | Swamp:4  | Entered Level 4 of the Swamp
 40251 | Swamp:4  | Reached XP level 19. HP: 100/100 MP: 28/35
 41245 | Swamp:4  | Got a decaying rune of Zot
 41291 | Swamp:4  | Noticed Nikola
 41301 | Swamp:4  | Killed Nikola
 41301 | Swamp:4  | Reached skill level 18 in Conjurations
 42024 | Vaults:1 | Entered Level 1 of the Vaults
 42082 | Vaults:1 | Identified a +0 rod of clouds (12/12) (You found it on level 1 of the Vaults)
 43759 | Vaults:1 | You fall through a shaft!
 44001 | Vaults:1 | Reached XP level 20. HP: 106/106 MP: 37/37
 44414 | Vaults:2 | Found a portal to a secret trove of treasure.
 44523 | Trove    | Entered a treasure trove
 44545 | Trove    | Got a scintillating diamond amulet
 44547 | Trove    | Got a transparent steel amulet
 44551 | Trove    | Got a coiled granite ring
 44556 | Trove    | Got a transparent turquoise ring
 44565 | Trove    | Got a twitching iron ring
 44572 | Trove    | Identified the amulet of Gon Cigg {Faith Slay+6} (You found it in a treasure trove)
 44573 | Trove    | Identified the amulet of Kuvorhu {Harm *Drain rN+} (You found it in a treasure trove)
 44574 | Trove    | Identified the ring "Juotumu" {+Fly rF+ Str+3 Int+4} (You found it in a treasure trove)
 44575 | Trove    | Identified the ring of Bydosi Teroe {rPois rC++ Int+6} (You found it in a treasure trove)
 44576 | Trove    | Identified the ring of Noriuwah {rN+ MR+ Stlth+} (You found it in a treasure trove)
 44586 | Trove    | Got a translucent wooden ring
 44590 | Trove    | Identified the ring "Iwanip" {rC- MR+ Int+2 Dex+6 Stlth+} (You found it in a treasure trove)
 45025 | Vaults:2 | Reached skill level 19 in Conjurations
 45046 | Vaults:2 | Found a staircase to the Crypt.
 45615 | Vaults:2 | Noticed Jory
 47870 | Vaults:2 | Noticed Sojobo
 48285 | Vaults:2 | Killed Sojobo
 48587 | Vaults:2 | Killed Jory
 49293 | Vaults:2 | Found a basalt altar of Yredelemnul.
 49575 | Vaults:3 | Reached skill level 20 in Conjurations
 49789 | Vaults:3 | Reached XP level 21. HP: 110/110 MP: 18/38
 49873 | Vaults:3 | Learned a level 9 spell: Fire Storm
 50142 | Vaults:3 | Found Wavvos's Magic Scroll Emporium.
 51240 | Vaults:3 | Bought a scroll of identify for 38 gold pieces
 51240 | Vaults:3 | Bought a scroll of fear for 66 gold pieces
 51240 | Vaults:3 | Bought a scroll of identify for 38 gold pieces
 51240 | Vaults:3 | Bought a scroll of identify for 38 gold pieces
 51240 | Vaults:3 | Bought a scroll of identify for 38 gold pieces
 51846 | Vaults:4 | Found Ugeteq's Food Shop.
 51969 | Vaults:4 | Found Lirhinlutz's Gadget Emporium.
 52823 | Vaults:4 | Found Migofut's Food Shoppe.
 53138 | Vaults:4 | Found Xefiv's General Store.
 53140 | Vaults:4 | Reached skill level 21 in Conjurations
 53163 | Vaults:4 | Bought a potion of haste for 170 gold pieces
 53163 | Vaults:4 | Bought a potion of curing for 51 gold pieces
 53163 | Vaults:4 | Bought a scroll of identify for 34 gold pieces
 53649 | Lair:1   | Learned a level 6 spell: Deflect Missiles
 53776 | Depths:1 | Entered Level 1 of the Depths
 53873 | Depths:1 | Found a corrupted altar of Lugonu.
 53873 | Depths:1 | Found a one-way gate to the infinite horrors of the Abyss.
 54059 | Depths:1 | Reached XP level 22. HP: 77/115 MP: 20/40
 54279 | Depths:1 | Found a gateway to a ziggurat.
 54679 | Depths:1 | Found a gateway to Hell.
 54718 | Depths:1 | Noticed Bai Suzhen
 54746 | Depths:1 | Killed Bai Suzhen
 55340 | Depths:1 | Got a translucent iron ring
 55341 | Depths:1 | Identified the ring of the Garden {rF+ MR+ Str+7 Dex+2} (You found it on level 1 of the Depths)
 56462 | Depths:2 | Got a glittering ivory ring
 56483 | Depths:2 | Got a translucent tin ring
 56486 | Depths:2 | Identified the ring of Nann {MR+ Dex+6} (You found it on level 2 of the Depths)
 56487 | Depths:2 | Identified the cursed ring "Pecujig" {rN+ EV-2} (You found it on level 2 of the Depths)
 56749 | Depths:2 | Learned a level 6 spell: Haste
 56753 | Depths:2 | Reached skill level 22 in Conjurations
 57112 | Depths:3 | Upgraded the game from 0.19-a0-1611-g7a729d4 to 0.19-a0-1613-g7c9bbd0
 57200 | Depths:3 | Reached skill level 15 in Spellcasting
 57256 | Depths:3 | Noticed a juggernaut
 57263 | Depths:3 | Killed a juggernaut
 57292 | Depths:3 | Noticed a golden dragon
 57639 | Depths:3 | Noticed a caustic shrike
 57879 | Depths:3 | Found a runed door.
 58138 | Depths:3 | Reached XP level 23. HP: 62/120 MP: 31/42
 58139 | Depths:3 | Killed a caustic shrike
 59281 | Depths:3 | Noticed an ancient lich
 59286 | Depths:3 | Killed an ancient lich
 59288 | Depths:3 | Blown up by an ancient lich

Vault maps used:
D:1:      dpeg_arrival_rooms_with_view, moated_statue, wad_floor_pattern_2
D:2:      grunt_nemelex_the_gamble
D:3:      first_bread, uniq_robin
D:4:      serial_shops, nicolae_shop_trees, minmay_ruined_shrine, uniq_natasha
D:6:      due_unseen_surprise
D:7:      kennysheep_seaside_town, nicolae_ashenzari_panopticon
D:9:      kennysheep_steamy, serial_shops, nicolae_shop_behind_doors,
          uniq_maurice, uniq_prince_ribbit1
D:10:     lair_0_dummy, david_nohive_1
D:11:     minmay_diamond_stairs, david_orc_5, lightli_fourway_metalbox
D:12:     bloody_trog, uniq_snorg
D:13:     hangedman_vaults_entry_quadrant_bands, grunt_potential
D:14:     serial_shops, kennysheep_mini_moat, kennysheep_doodads,
          minmay_nine_imps
D:15:     grunt_enter_depths_magical_seal, serial_shops,
          nicolae_shop_window_shopping, nicolae_shop_statue_plus, shop, shop,
          basic_altar, minmay_stone_trees_small, amethyst_killhole,
          einodemon_armed_red_devil_minivault
Temple:   compressed_dpeg_triangle_lava_temple
Lair:1:   serial_bayou_shore_a, lemuel_fruit_tree, uniq_fannar
Lair:2:   beast_lair_carwin_large_4, bh_autumn_forest_stairs
Lair:3:   portal_ice_cave_entry_ice_beasts
Lair:4:   minmay_swamp_entry_swarm, lab_entry_generic
Lair:5:   uniq_rupert
Lair:6:   guppyfry_lair_end_dragon, slime_altar_1, bobbens_ice_dragon_lair
Swamp:1:  evilmike_swamp_ruin_rubble_1, uniq_louise, uniq_kirke
Swamp:2:  evilmike_swamp_ruin_house_6
Swamp:3:  evilmike_swamp_ruin_rubble_2
Swamp:4:  swamp_alternative, hangedman_swamp_lotus, uniq_nikola
Snake:1:  serial_shops, nicolae_shop_stone
Snake:2:  nicolae_aizul_guard, nicolae_snake_linked_coils, uniq_aizul,
          uniq_donald
Snake:4:  snake_pit, serial_shops, shop_statue
Orc:1:    basic_altar, serial_shops, shop_coins, bloody_makhleb, uniq_josephine
Orc:2:    grunt_orc_community_town_hall, grunt_orc_community_big_house_1,
          grunt_orc_community_big_house_2, grunt_orc_community_house_1,
          grunt_orc_community_house_1, grunt_orc_community_house_3,
          grunt_orc_community_house_2
Vaults:1: nicolae_vaults_ninety_degrees, st_lines, v_misc_29,
          nicolae_vaults_network_quinsquares, nicolae_vaults_angled_halls,
          v_misc_23, nicolae_vaults_yaktaur_gun_rack, v_alt_pattern_4,
          ontoclasm_vaults_decontamination, vaults_dpeg_encased_lava,
          nicolae_vaults_little_squares_5
Vaults:2: vaults_dpeg_diagonal, vaults_room_fancy_cross,
          nicolae_vaults_little_squares_2, minmay_crypt_entry_simple_corners,
          nicolae_vaults_theta, basic_altar, enter_trove_2, uniq_jory,
          uniq_sojobo
Vaults:3: v_alt_pattern_5, hangedman_vaults_river_flow,
          nicolae_vaults_little_ls, vaults_room_pools, nicolae_vaults_alarming,
          hangedman_vaults_capsules, ontoclasm_vaults_spin,
          ontoclasm_vaults_ligature, nicolae_vaults_little_squares_2,
          v_alt_pattern_6, ontoclasm_vaults_shuriken,
          ontoclasm_vaults_loading_screen, serial_ice_g, serial_shops,
          shop_scrolls
Vaults:4: nicolae_vaults_rhombus_5, nicolae_vaults_diagonal_hallway_9,
          ontoclasm_vaults_loading_screen, grunt_vaults_hallway_long,
          vaults_room_hallway, hangedman_vaults_unwind, vaults_room_hallway,
          vaults_room_corners, nicolae_vaults_statue_guard, stair_cage_open,
          nicolae_vaults_twisting_passages, v_misc_25,
          nicolae_vaults_network_square, vaults_room_grid, grunt_vaults_funnel,
          serial_shops, shop, shop_statue, shop, shop_statue
Depths:1: enter_ziggurat_e, pf_vacation_house_of_asmodeus,
          abyss_entry_flame_altar, aerie_lemuel, uniq_bai_suzhen
Depths:2: kennysheep_oblong_rooms, serial_bayou_pond_e, hell_entry
Depths:3: minmay_expanding_squares, hangedman_coc_ice_floe,
          roderic_curled_sauvastika, rand_demon_pan_entry_3,
          kennysheep_treasure_room
Lab:      labyrinth_mini_lab, nicolae_lab_x
Trove:    trove_jewel_2
IceCv:    ice_cave_small_dragons

Skill      XL: |  1  2  3  4  5  6  7  8  9 10 11 12 13 14 15 16 17 18 19 20 21 22 23 |
---------------+----------------------------------------------------------------------+-----
Conjurations   | 2 3 4 5 6 8 10 11 13 14 15 17 18 20 21 22 | 22.7
Spellcasting   | 3 4 5 7 8 10 11 12 13 14 15 | 15.4
Fire Magic     | 4 5 7 9 10 12 13 14 16 17 18 19 20 21 | 21.2
Armour         | 7 |  7.0
Dodging        | 6 8 |  8.3
Fighting       | 5 |  5.0
Maces & Flails | 7 12 | 12.0
Translocations | 3 |  3.7
Charms         | 3 |  3.6
Air Magic      | 2 |  2.9
Shields        | 4 |  4.4
Earth Magic    | 7 11 | 11.0
Stealth        | |  2.1

Action                   |  1- 3 |  4- 6 |  7- 9 | 10-12 | 13-15 | 16-18 | 19-21 | 22-24 || total
-------------------------+-------+-------+-------+-------+-------+-------+-------+-------++-------
Melee: Short sword       |     8 |       |       |       |       |       |       |       ||     8
       Mace              |       |     6 |       |       |       |       |       |       ||     6
       Whip              |       |     2 |    38 |   196 |  1136 |  1130 |  1065 |   358 ||  3925
Throw: Throwing net      |       |       |       |       |       |       |     1 |       ||     1
 Cast: Flame Tongue      |    50 |   126 |   241 |   406 |    36 |    60 |    45 |     9 ||   973
       Sticky Flame      |       |     1 |    23 |    63 |    53 |   101 |    56 |     4 ||   301
       Conjure Flame     |       |     1 |    13 |     7 |       |       |       |       ||    21
       Fireball          |       |       |       |    45 |    36 |    74 |   117 |    38 ||   310
       Stone Arrow       |       |       |       |     2 |    30 |    47 |    16 |       ||    95
       Bolt of Fire      |       |       |       |     4 |   135 |   139 |   200 |   121 ||   599
       Repel Missiles    |       |       |       |       |     1 |     7 |       |       ||     8
       Airstrike         |       |       |       |       |       |     3 |     7 |       ||    10
       Iron Shot         |       |       |       |       |       |     9 |    26 |    36 ||    71
       Blink             |       |       |       |       |       |       |     1 |       ||     1
       Fire Storm        |       |       |       |       |       |       |       |     1 ||     1
 Abil: Fly               |       |       |       |       |     1 |     1 |       |     2 ||     4
       Stop Flying       |       |       |       |       |     1 |       |     1 |     2 ||     4
Evoke: Wand              |       |       |       |       |     1 |       |       |       ||     1
       Fan of gales      |       |       |       |       |       |       |     1 |       ||     1
  Use: Potion            |       |     1 |     1 |     2 |     3 |     1 |     2 |     1 ||    11
       Scroll            |       |       |    17 |    15 |    15 |    12 |    21 |     5 ||    85
 Stab: Sleeping          |       |       |       |       |       |     2 |     1 |       ||     3
  Eat: Chunk             |     1 |     8 |    15 |    30 |    89 |    32 |    64 |    17 ||   256
       Bread ration      |       |       |     1 |       |     1 |     5 |     2 |     2 ||    11
       Royal jelly       |       |       |     1 |       |       |     4 |       |       ||     5
       Pizza             |       |       |       |     2 |       |     1 |       |       ||     3
       Meat ration       |       |       |       |     2 |       |     5 |     2 |     1 ||    10
       Fruit             |       |       |       |       |     4 |     9 |     1 |       ||    14
       Beef jerky        |       |       |       |       |     3 |     1 |       |       ||     4
Armor: Robe              |     9 |    27 |    63 |   116 |       |   439 |   469 |   120 ||  1243
       Scale mail        |       |       |       |   152 |   636 |     3 |       |       ||   791
Dodge: Dodged            |    26 |    43 |    76 |   270 |   657 |   553 |   451 |   140 ||  2216
       Deflected         |       |       |       |       |     1 |    29 |    10 |       ||    40
Block: Buckler           |       |       |       |       |       |   195 |   196 |   114 ||   505
       Reflection        |       |       |       |       |       |    24 |     8 |    12 ||    44
